 Dungeon Crawl Stone Soup version 0.29.0-4-gdea44cf6ec (webtiles) character file.

Game seed: 16575192936034427928

922 qw the Cleaver (level 8, 0/48 HPs)
             Began as a Tengu Warper on Aug 28, 2022.
             Killed from afar by Dowan (6 damage)
             ... with a stone arrow
             ... on level 5 of the Dungeon.
             The game lasted 00:00:34 (6458 turns).

qw the Cleaver (Tengu Warper)                       Turns: 6458, Time: 00:00:34

Health: 0/48       AC:  6    Str: 13    XL:     8   Next: 10%
Magic:  12/12      EV: 11    Int: 13    God:
Gold:   177        SH:  0    Dex: 15    Spells: 11/11 levels left

rFire   . . .      SeeInvis .   i - +0 war axe
rCold   . . .      Faith    .   (no shield)
rNeg    . . .      Spirit   .   a - +0 scale mail
rPois   .          Reflect  .   (helmet restricted)
rElec   .          Harm     .   (no cloak)
rCorr   .          Rampage  .   (no gloves)
Will    .....                   (boots unavailable)
Stlth   ..........              (no amulet)
HPRegen 0.16/turn               (no ring)
MPRegen 0.13/turn               (no ring)

@: flying quickly and evasively, quick
A: beak, talons 3, nimble flight
a: no special abilities


You were on level 5 of the Dungeon.
You visited 1 branch of the dungeon, and saw 5 of its levels.

You collected 177 gold pieces.


Innate Abilities, Weirdness & Mutations

You have a beak for a mouth.
You have claws for feet.
Your magical nature lets you fly swiftly and evasively.


   Skills:
 - Level 3.8 Fighting
 - Level 9.1 Axes
 - Level 1.0 Throwing
 - Level 2.2 Armour
 + Level 2.1 Dodging
 - Level 2.0 Spellcasting
 - Level 2.4 Translocations


You had 11 spell levels left.
You didn't know any spells.
Your spell library contained the following spells:

 Spells                   Type           Power      Damage    Failure   Level
 Blink                    Tloc           14%        N/A       56%         2
 Gell's Gravitas          Tloc           7%         N/A       80%         3
 Lesser Beckoning         Tloc           7%         N/A       80%         3
 Teleport Other           Tloc           7%         N/A       80%         3
 Manifold Assault         Tloc           7%         N/A       100%        5

Inventory:

Hand Weapons
 d - a +0 flail
 i - a +0 war axe (weapon)
Armour
 a - a +0 scale mail (worn)
Scrolls
 b - a scroll of immolation {unknown}
 j - 2 scrolls of identify
Potions
 c - a potion of resistance
 e - 4 potions of curing
 f - a potion of mutation
 g - a potion of ambrosia {unknown}
 h - a potion of haste

Dungeon Overview and Level Annotations

Branches:
Dungeon (5/15)
 Temple: D:4-7

Altars:
Wu Jian

Shops:
D:3 :

Annotations:
D:5 Dowan


Message History

Duvessa hits you with a +0 short sword!
Dowan, Brother of Duvessa comes into view.
He is wielding a +0 dagger and carrying a wand of flame (18).
You slash Duvessa! You claw Duvessa, but do no damage.
Duvessa is moderately wounded.
Dowan casts a spell at you. The puff of frost hits you.
You barely miss Duvessa. You claw Duvessa.
Duvessa is heavily wounded.
An orc comes into view. It is wielding a +0 whip.
Duvessa hits you with a +0 short sword.
The orc shouts!
You slash Duvessa! You claw Duvessa, but do no damage. You punch Duvessa.
Duvessa is almost dead.
You hit Dowan.
An orc comes into view. It is wielding a +0 flail.
Duvessa barely misses you. Dowan hits you but does no damage.
The orc shouts!
You slash Duvessa!
You kill Duvessa!
Dowan seems overcome with grief.
Dowan seems to find hidden reserves of power!
You closely miss Dowan.
You hear a shout! x2
Dowan hits you but does no damage.
You have reached level 8!
You feel agile.
You hit Dowan but do no damage.
Dowan is moderately wounded.
Dowan casts a spell at you. The shard of ice misses you.
Dowan casts a spell at you. The stone arrow hits you!
An orc comes into view. It is wielding a +0 whip.
You barely miss Dowan. You claw Dowan.
Dowan is heavily wounded.
Dowan gestures wildly while chanting.
Dowan blinks!
An orc comes into view. It is wielding a +0 trident.
Dowan gestures at you while chanting. The stone arrow hits you.
You die...

.........# .##......#
.##.###.## ....###%##
######...# # #...#
.####
#...#########.<..#
#..............#
######...####.e.@#....#
#...............o# #..#
.................# ...
#..........)...#o# #
######...####..#o#.#
#......)....o...
#...###########. #...#
##...#


You could see Dowan (fast) and 4 orcs.

Vanquished Creatures
  Grinder (D:3)
  A water moccasin (D:5)
  Duvessa (D:5)
  An ogre (D:5)
  A centaur (D:5)
  A bullfrog (D:5)
  A scorpion (D:5)
  An orc priest (D:4)
  An iguana (D:5)
  Robin (D:3)
  10 adders
  A worm (D:2)
  A dart slug (D:4)
  7 orcs
  5 endoplasms
  2 giant cockroaches (D:2)
  19 goblins
  13 hobgoblins
  4 quokkas
  7 ball pythons
  2 bats
  6 frilled lizards
  6 kobolds
  5 rats
98 creatures vanquished.

Notes
Turn   | Place    | Note
-------+----------+-------------------------------------------
     0 | D:1      | qw the Tengu Warper began the quest for the Orb.
     0 | D:1      | Reached XP level 1. HP: 12/12 MP: 4/4
     0 | D:1      | 0 ||| qw: Version: 0.1-a-89-g26bdef1
     0 | D:1      | 0 ||| qw: Game counter: 1089
     0 | D:1      | 0 ||| qw: Always use a shield: true
     0 | D:1      | 0 ||| qw: God list: Okawaru
     0 | D:1      | 0 ||| qw: Allow faded altars: false
     0 | D:1      | 0 ||| qw: Do Orc after D:15 true
     0 | D:1      | 0 ||| qw: Do second Lair branch before Depths: true
     0 | D:1      | 0 ||| qw: Lair rune preference: random
     0 | D:1      | 0 ||| qw: Plans: Normal
     0 | D:1      | 0 ||| PLANNING D:1-11
    83 | D:1      | 83 ||| Stepping ~*~*~tactically~*~*~ (stealth).
    85 | D:1      | 85 ||| Stepping ~*~*~tactically~*~*~ (stealth).
    87 | D:1      | 87 ||| Stepping ~*~*~tactically~*~*~ (stealth).
   121 | D:1      | Reached XP level 2. HP: 14/17 MP: 6/6
   205 | D:1      | Reached skill level 3 in Axes
   641 | D:1      | 641 ||| DROPPING +0 club.
  1253 | D:1      | 1253 ||| UPGRADING to +0 ring mail.
  1263 | D:1      | 1263 ||| DROPPING +0 leather armour.
  1264 | D:1      | 1264 ||| DROPPING ring of flight.
  1265 | D:1      | 1265 ||| READING scroll labelled EGUYNE FOTA.
  1266 | D:1      | 1266 ||| READING 2 scrolls labelled VYSSEH ZAOKO.
  1267 | D:1      | 1267 ||| DROPPING scroll of blinking.
  1317 | D:2      | Found a faded altar of an unknown god.
  1322 | D:2      | 1322 ||| STAIRDANCE
  1451 | D:2      | 1451 ||| Stepping ~*~*~tactically~*~*~ (stealth).
  1511 | D:2      | 1511 ||| READING 3 scrolls of identify.
  1511 | D:2      | 1511 ||| IDENTIFYING silvery potion
  1512 | D:2      | 1512 ||| READING 2 scrolls of identify.
  1512 | D:2      | 1512 ||| IDENTIFYING emerald potion
  1513 | D:2      | 1513 ||| DROPPING potion of lignification.
  1694 | D:2      | Reached XP level 3. HP: 21/21 MP: 7/7
  1858 | D:2      | 1858 ||| Stepping ~*~*~tactically~*~*~ (stealth).
  1904 | D:2      | Reached skill level 4 in Axes
  1938 | D:2      | 1938 ||| Stepping ~*~*~tactically~*~*~ (stealth).
  2182 | D:2      | 2182 ||| Stepping ~*~*~tactically~*~*~ (stealth).
  2531 | D:2      | 2531 ||| Stepping ~*~*~tactically~*~*~ (stealth).
  2545 | D:2      | 2545 ||| DRINKING 2 lumpy green potions.
  2546 | D:2      | 2546 ||| DRINKING 3 sapphire potions.
  2547 | D:2      | 2547 ||| DRINKING 2 purple potions.
  2548 | D:2      | 2548 ||| READING 2 scrolls of identify.
  2548 | D:2      | 2548 ||| IDENTIFYING murky inky potion
  2549 | D:2      | 2549 ||| DROPPING potion of brilliance.
  2657 | D:3      | 2657 ||| STAIRDANCE
  2667 | D:2      | Reached XP level 4. HP: 26/26 MP: 8/8
  2677 | D:3      | 2677 ||| STAIRDANCE
  2769 | D:3      | Reached skill level 5 in Axes
  3237 | D:3      | Noticed Grinder
  3238 | D:3      | 3238 ||| Stepping ~*~*~tactically~*~*~ (hiding).
  3238 | D:3      | Noticed Robin
  3239 | D:3      | 3239 ||| Stepping ~*~*~tactically~*~*~ (hiding).
  3242 | D:3      | Paralysed by Grinder for 2 turns
  3253 | D:3      | Killed Robin
  3253 | D:3      | Paralysed by Grinder for 5 turns
  3254 | D:3      | Gained mutation: Your magical nature lets you fly swiftly
                  | and evasively. [Tengu growth]
  3254 | D:3      | Reached XP level 5. HP: 13/30 MP: 9/9
  3260 | D:3      | HP: 6/30 [hobgoblin[Robin] (3)]
  3261 | D:3      | 3261 ||| DRINKING potion of heal wounds.
  3263 | D:3      | Paralysed by Grinder for 2 turns
  3279 | D:3      | Killed Grinder
  3280 | D:3      | Reached skill level 7 in Axes
  3280 | D:3      | Reached XP level 6. HP: 16/35 MP: 10/10
  3284 | D:3      | 3284 ||| FLEEEEING.
  3285 | D:3      | 3285 ||| FLEEEEING.
  3321 | D:3      | 3321 ||| FLEEEEING.
  3322 | D:3      | 3322 ||| FLEEEEING.
  3323 | D:3      | 3323 ||| FLEEEEING.
  3324 | D:3      | 3324 ||| FLEEEEING.
  3325 | D:3      | 3325 ||| FLEEEEING.
  3326 | D:3      | 3326 ||| FLEEEEING.
  3327 | D:3      | 3327 ||| FLEEEEING.
  3328 | D:3      | 3328 ||| FLEEEEING.
  3329 | D:3      | 3329 ||| FLEEEEING.
  3330 | D:3      | 3330 ||| FLEEEEING.
  3331 | D:3      | 3331 ||| FLEEEEING.
  3332 | D:3      | 3332 ||| STAIRDANCE
  3452 | D:2      | 3452 ||| READING scroll labelled BIOTHRECKAD.
  3453 | D:2      | 3453 ||| READING scroll labelled COECVY MULI.
  3454 | D:2      | 3454 ||| READING scroll labelled ZENUASUOBB.
  3455 | D:2      | 3455 ||| DRINKING 2 red potions.
  3456 | D:2      | 3456 ||| DROPPING potion of attraction.
  3496 | D:3      | Found Zutisk's Book Shop.
  3540 | D:3      | 3540 ||| Stepping ~*~*~tactically~*~*~ (hiding).
  3577 | D:3      | Found an ornate altar of the Wu Jian Council.
  3729 | D:4      | 3729 ||| FLEEEEING.
  3730 | D:4      | 3730 ||| FLEEEEING.
  3740 | D:4      | 3740 ||| FLEEEEING.
  3741 | D:4      | 3741 ||| FLEEEEING.
  3757 | D:4      | 3757 ||| FLEEEEING.
  3758 | D:4      | 3758 ||| FLEEEEING.
  3760 | D:4      | 3760 ||| FLEEEEING.
  3761 | D:4      | 3761 ||| FLEEEEING.
  3762 | D:4      | 3762 ||| FLEEEEING.
  3764 | D:4      | 3764 ||| FLEEEEING.
  3766 | D:4      | 3766 ||| FLEEEEING.
  3767 | D:4      | 3767 ||| FLEEEEING.
  3768 | D:4      | 3768 ||| FLEEEEING.
  3769 | D:4      | 3769 ||| FLEEEEING.
  3774 | D:4      | 3774 ||| FLEEEEING.
  3775 | D:4      | 3775 ||| FLEEEEING.
  3781 | D:4      | 3781 ||| STAIRDANCE
  3873 | D:4      | 3873 ||| Stepping ~*~*~tactically~*~*~ (hiding).
  3876 | D:4      | 3876 ||| Stepping ~*~*~tactically~*~*~ (hiding).
  4122 | D:4      | 4122 ||| FLEEEEING.
  4123 | D:4      | 4123 ||| FLEEEEING.
  4133 | D:4      | 4133 ||| STAIRDANCE
  4292 | D:3      | 4292 ||| DROPPING amulet of faith.
  4311 | D:4      | 4311 ||| Stepping ~*~*~tactically~*~*~ (stealth).
  4956 | D:4      | Reached skill level 3 in Fighting
  5130 | D:4      | 5130 ||| UPGRADING to +0 scale mail.
  5140 | D:4      | 5140 ||| DROPPING +0 ring mail.
  5141 | D:4      | 5141 ||| READING scroll labelled WIZANYASED.
  5144 | D:4      | 5144 ||| READING 3 scrolls of identify.
  5144 | D:4      | 5144 ||| IDENTIFYING fuming golden potion
  5145 | D:4      | 5145 ||| READING 2 scrolls of identify.
  5145 | D:4      | 5145 ||| IDENTIFYING puce potion
  5146 | D:4      | 5146 ||| DROPPING potion of invisibility.
  5182 | D:5      | Entered Level 5 of the Dungeon
  5194 | D:5      | Reached XP level 7. HP: 21/41 MP: 11/11
  5412 | D:5      | 5412 ||| Stepping ~*~*~tactically~*~*~ (stealth).
  5417 | D:5      | 5417 ||| Stepping ~*~*~tactically~*~*~ (stealth).
  5426 | D:5      | Reached skill level 8 in Axes
  5537 | D:5      | 5537 ||| DROPPING +0 mace of draining.
  5538 | D:5      | 5538 ||| DROPPING +0 whip.
  5734 | D:5      | HP: 10/41 [poisoned by a water moccasin]
  6040 | D:5      | 6040 ||| Stepping ~*~*~tactically~*~*~ (hiding).
  6041 | D:5      | 6041 ||| Stepping ~*~*~tactically~*~*~ (hiding).
  6055 | D:5      | Reached skill level 9 in Axes
  6326 | D:5      | 6326 ||| SWAPPING to +0 war axe.
  6442 | D:5      | 6442 ||| DROPPING +1 hand axe.
  6448 | D:5      | Noticed Duvessa
  6451 | D:5      | Noticed Dowan
  6455 | D:5      | Killed Duvessa
  6456 | D:5      | Reached XP level 8. HP: 15/48 MP: 12/12
  6456 | D:5      | HP: 6/48 [Dowan/stone arrow (9)]
  6458 | D:5      | Killed from afar by Dowan

Levels and vault maps discovered:
D:1:      nicolae_arrival_memento_mori, layout_loops_ring, nicolae_titane
D:2:      layout_basic, dreamdust_ecumenical_altar_grove
D:3:      layout_rooms, nzn_wu_jian_council_hall, serial_shops, shop,
          uniq_robin, uniq_grinder
D:4:      layout_loops_corners, roderic_roman_lattice
D:5:      layout_loops_cross, uniq_duvessa

Skill      XL: |  1  2  3  4  5  6  7 |
---------------+----------------------+-----
Axes           | 3 4 5 7 9 |  9.1
Fighting       | 3 |  3.8
Armour         | 2 |  2.2
Throwing       | |  1.0
Dodging        | |  2.1
Spellcasting   | |  2.0
Translocations | |  2.4

Action                   |  1- 3 |  4- 6 |  7- 9 || total
-------------------------+-------+-------+-------++-------
Melee: Hand axe          |   100 |   133 |    41 ||   274
       Kick              |    17 |    30 |    12 ||    59
       Peck              |    12 |    15 |     4 ||    31
       Punch             |       |     1 |     1 ||     2
       War axe           |       |       |    12 ||    12
Throw: Boomerang         |     7 |       |       ||     7
  Use: Scroll            |     5 |     6 |       ||    11
       Potion            |     3 |     2 |       ||     5
Armor: Leather armour    |     9 |       |       ||     9
       Ring mail         |    18 |    35 |       ||    53
       Scale mail        |       |       |    14 ||    14
Dodge: Dodged            |    46 |    68 |    29 ||   143

Table legend:
 A = Non-vault XP
 B = Vault XP
 C = Vault XP percentage of total XP
 D = Non-vault monster count
 E = Vault monster count
 F = Vault count percentage of total count
                 A         B        C        D         E       F
            +---------+---------+-------+---------+---------+-------
      Total |     867 |     451 |  34.2 |      84 |      14 |  14.3
            +---------+---------+-------+---------+---------+-------
        D:1 |      23 |       0 |   0.0 |      16 |       0 |   0.0
        D:2 |      59 |       0 |   0.0 |      23 |       0 |   0.0
        D:3 |      72 |     318 |  81.5 |      15 |      13 |  46.4
        D:4 |     100 |       0 |   0.0 |      18 |       0 |   0.0
        D:5 |     613 |     133 |  17.8 |      12 |       1 |   7.7
            +---------+---------+-------+---------+---------+-------
